 Dungeon Crawl Stone Soup version 0.29.1-15-g9cfb28693d (webtiles) character file.

Game seed: 4964849203149293742

829 ShotLord the Shooter (level 7, 0/51 (57) HPs)
             Began as a Grey Draconian Hunter on Mar 26, 2023.
             Slain by a wight
             ... wielding a +3 long sword
              (4 damage)
             ... on level 6 of the Dungeon.
             The game lasted 00:11:57 (2641 turns).

ShotLord the Shooter (Grey Draconian Hunter)        Turns: 2641, Time: 00:11:58

HP:   0/51 (57)     AC: 11    Str: 18 (19) XL:     7   Next: 65%
MP:   10/10         EV: 12    Int: 11 (12) God:
Gold: 286           SH:  0    Dex: 13 (14) Spells: 4/10 levels left

rFire   x . .      SeeInvis .   c - +0 hand axe (chaos)
rCold   + . .      Faith    +   (no shield)
rNeg    . . .      Spirit   .   (body armour unavailable)
rPois   .          Reflect  .   (helmet restricted)
rElec   .          Harm     .   (no cloak)
rCorr   .          Rampage  .   (no gloves)
Will    .....                   (no boots)
Stlth   ++........              h - amulet of faith
HPRegen 0.17/turn               d - ring of ice
MPRegen 0.12/turn               n - +6 ring of strength

@: heavily drained
A: AC +11, amphibious, unfitting armour, cold-blooded
a: no special abilities


You were on level 6 of the Dungeon.
You visited 1 branch of the dungeon, and saw 6 of its levels.

You collected 286 gold pieces.

Inventory:

Hand Weapons
 a - a +1 shortbow
 c - a +0 hand axe of chaos (weapon)
Jewellery
 d - a ring of ice (left hand)
 h - an amulet of faith (around neck)
 n - a +6 ring of strength (right hand)
Wands
 l - a wand of charming (14)
Scrolls
 m - a scroll of enchant armour {unknown}
 o - a scroll of torment {unknown}
Potions
 b - a potion of mutation {unknown}
 f - a potion of brilliance {unknown}
 g - a potion of curing {unknown}
 i - a potion of degeneration
 k - a potion of berserk rage {unknown}


   Skills:
 * Level 3.6 Fighting
 * Level 2.7 Axes
 * Level 5.5 Ranged Weapons
 * Level 3.0 Dodging
 * Level 2.3 Stealth
 * Level 2.0 Spellcasting
 * Level 1.9 Conjurations
 * Level 1.3 Air Magic
 * Level 1.6 Poison Magic
 * Level 1.2 Evocations


You had 4 spell levels left.
You knew the following spells:

 Your Spells              Type           Power      Damage    Failure   Level
a - Mephitic Cloud        Conj/Pois/Air  4%         N/A       41%         3
b - Ignite Poison         Fire/Tmut/Pois 2%         N/A       56%         3

Your spell library contained the following spells:

 Spells                   Type           Power      Damage    Failure   Level
 Freezing Cloud           Conj/Ice/Air   2%         6-21      99%         5
 Conjure Ball Lightning   Conj/Air       2%         3x3d6     100%        6
 Discord                  Hex            0%         N/A       100%        8
 Disjunction              Tloc           0%         N/A       100%        8


Dungeon Overview and Level Annotations

Branches:
Dungeon (6/15)
 Temple: D:4-7

Altars:
Elyvilon
Uskayaw
Zin
The Shining One


Innate Abilities, Weirdness & Mutations

Your dull iron-grey scales are very hard. (AC +11)
You are amphibious.
You cannot fit into any form of body armour.
You are cold-blooded and may be slowed by cold attacks.


Message History

The wight hits you with a +3 long sword.
You feel drained.
Unknown command.
You hit the wight but do no damage. Lightning courses through the wight!!
You destroy the wight!
You barely miss the wight. The wight barely misses you.
Your Spellcasting skill increases to level 2!
You closely miss the wight.
The wight is lightly damaged.
The wight barely misses you.
You hit the wight but do no damage.
Your tail-slap misses the wight.
The wight is lightly damaged.
The wight hits you with a +3 long sword.
You feel drained.
You closely miss the wight.
The wight is lightly damaged.
The wight barely misses you.
Sorry, you're not good enough to have a special ability.
Unknown command.
You closely miss the wight. You tail-slap the wight.
The wight is moderately damaged.
The wight misses you.
The wight hits you with a +3 long sword.
You closely miss the wight.
The wight is moderately damaged.
The wight misses you.
You barely miss the wight.
The wight is moderately damaged.
The wight completely misses you.
You hit the wight. You burn the wight.
The wight is moderately damaged.
The wight closely misses you.
You hit the wight.
The wight flickers and vanishes!
Deactivating autopickup; reactivate with Ctrl-A.
You tail-slap something. Something hits you!
You hit something but do no damage. You tail-slap something.
Something hits you!
* * * LOW HITPOINT WARNING * * *
You feel drained.
You die...

... #. .. ##.. .
#. .... .. #.#
..# #.##.. ...#
#.....##♣
♣##...# #...###
###..#
#.....###@{.#
##.......)###
###..########
#######.#......#
.........[.....#
...............#
...............#
#########......#
#......#


There were no monsters in sight!

Vanquished Creatures
  Grinder (D:5)
  An ice beast (D:4)
  A scorpion (D:6)
  A wight (D:6)
  A howler monkey (D:4)
  2 hounds (D:4)
  A jelly (D:3)
  A gnoll bouda (D:5)
  5 iguanas
  4 adders
  5 gnolls
  An ufetubus (D:5)
  2 worms
  An orc (D:4)
  5 endoplasms
  3 giant cockroaches (D:3)
  4 goblins
  2 hobgoblins
  7 kobolds
  3 quokkas (D:3)
  2 ball pythons (D:3)
  5 bats
  5 frilled lizards
  2 rats
65 creatures vanquished.

Notes
Turn   | Place    | Note
-------+----------+-------------------------------------------
     0 | D:1      | ShotLord the Draconian Hunter began the quest for the Orb.
     0 | D:1      | Reached XP level 1. HP: 17/17 MP: 1/1
   247 | D:1      | Reached skill level 1 in Stealth
   247 | D:1      | Reached XP level 2. HP: 24/24 MP: 2/2
   332 | D:2      | Reached skill level 4 in Ranged Weapons
   567 | D:2      | Reached XP level 3. HP: 28/30 MP: 3/3
   571 | D:2      | Learned a level 3 spell: Mephitic Cloud
   656 | D:3      | Found a hide-covered altar of Uskayaw.
   801 | D:3      | Reached XP level 4. HP: 28/37 MP: 3/5
   876 | D:4      | Reached skill level 1 in Axes
   932 | D:4      | Reached skill level 1 in Spellcasting
   932 | D:4      | Reached XP level 5. HP: 40/42 MP: 6/6
   957 | D:4      | Noticed an ice beast
   983 | D:4      | Killed an ice beast
   984 | D:4      | Reached skill level 1 in Conjurations
  1040 | D:4      | Reached skill level 1 in Air Magic
  1040 | D:4      | Reached XP level 6. HP: 21/50 MP: 7/7
  1238 | D:4      | Reached skill level 1 in Poison Magic
  1480 | D:5      | Entered Level 5 of the Dungeon
  1507 | D:5      | Found a glowing golden altar of the Shining One.
  1509 | D:5      | Found a glowing silver altar of Zin.
  1511 | D:5      | Found a white marble altar of Elyvilon.
  1785 | D:5      | Reached skill level 5 in Ranged Weapons
  2425 | D:5      | Noticed Grinder
  2437 | D:5      | Killed Grinder
  2438 | D:5      | Reached skill level 1 in Evocations
  2438 | D:5      | Your scales start taking on a dull iron-grey colour.
  2438 | D:5      | Reached XP level 7. HP: 41/57 MP: 9/9
  2463 | D:5      | Learned a level 3 spell: Ignite Poison
  2641 | D:6      | Slain by a wight

Illustrated notes

Levels and vault maps discovered:
D:1:      dpeg_arrival_rooms_c, layout_basic
D:2:      minmay_diamond_boxcup, layout_basic, serial_shops,
          nicolae_diamond_shop
D:3:      minmay_chambers_of_threes, layout_basic, amcnicky_altar_gilded,
          minmay_fractal_squares_5
D:4:      layout_gridville, minmay_temple_entry_glass, serial_co_window_serial,
          co_window_paths_b, co_window_corner_a, co_window_paths_a,
          co_window_paths_a, co_window_paths_b, co_window_corner_ca,
          co_window_unsneaky_path_c, co_window_cross_3, co_window_paths_c,
          co_window_of_opportunity_b, co_window_unsneaky_path_c,
          co_window_unsneaky_path_a, co_window_4corner_a, uniq_menkaure,
          uniq_crazy_yiuf_cottage
D:5:      nicolae_BIG_FREAKIN_CUBE, layout_basic, dreamdust_divine_triumvirate,
          minmay_statues_item, uniq_grinder, uniq_blork_the_orc
D:6:      cheibrodos_iron_armory, layout_basic,
          chequers_temple_overflow_minitemple

Skill      XL: |  1  2  3  4  5  6  7 |
---------------+----------------------+-----
Stealth        | 1 2 |  2.3
Ranged Weapons | 4 5 |  5.5
Dodging        | 2 3 |  3.0
Axes           | 1 2 |  2.7
Spellcasting   | 1 2 |  2.0
Conjurations   | 1 |  1.9
Air Magic      | 1 |  1.3
Fighting       | 3 |  3.6
Poison Magic   | 1 |  1.6
Evocations     | 1 |  1.2

Action                   |  1- 3 |  4- 6 |  7- 9 || total
-------------------------+-------+-------+-------++-------
Melee: Hand axe          |    42 |    97 |    18 ||   157
       Tailslap          |     7 |    14 |     3 ||    24
 Fire: Shortbow          |    38 |    55 |     3 ||    96
  Use: Scroll            |     3 |     4 |       ||     7
       Potion            |       |     6 |       ||     6
Armor: Skin              |    22 |    31 |     2 ||    55
Dodge: Dodged            |    41 |    65 |    16 ||   122
